 Dungeon Crawl Stone Soup version 0.29.1-2-gbd0b4ee654 (webtiles) character file.

Game seed: 2514088853298072757

755 Tirrikindir the Sneak (level 7, 0/45 HPs)
             Began as an Octopode Hedge Wizard on Oct 24, 2022.
             Slain by an ice beast (13 damage)
             ... on level 4 of the Dungeon.
             The game lasted 00:14:37 (4383 turns).

Tirrikindir the Sneak (Octopode Hedge Wizard)       Turns: 4383, Time: 00:14:37

Health: 0/45       AC:  5    Str:  9    XL:     7   Next: 79%
Magic:  13/13      EV: 14    Int: 17    God:
Gold:   342        SH:  0    Dex: 13    Spells: 12/14 levels left

rFire   . . .      SeeInvis .   g - staff of death
rCold   . . .      Faith    .   v - orb {light}
rNeg    + . .      Spirit   .   b - +0 hat
rPois   .          Reflect  .   e - amulet of regeneration
rElec   .          Harm     .   q - +4 ring of protection
rCorr   .          Rampage  .   (no ring)
Will    .....                   (no ring)
Stlth   ++........              (no ring)
HPRegen 0.95/turn               (no ring)
MPRegen 0.13/turn               (no ring)
                                (no ring)
                                (no ring)

@: glowing
A: almost no armour, amphibious, 8 rings, camouflage 1, gelatinous body 1,
(nimble swimmer 1), tentacles
a: no special abilities


You were on level 4 of the Dungeon.
You visited 1 branch of the dungeon, and saw 4 of its levels.
You also visited: Ossuary.

You collected 342 gold pieces.

Inventory:

Hand Weapons
 a - a +0 dagger
Armour
 b - a +0 hat (worn)
 v - an orb of light (worn)
Magical Staves
 g - a staff of death (weapon)
Jewellery
 e - an amulet of regeneration (around mantle)
 q - a +4 ring of protection (left tentacle)
Wands
 s - a wand of polymorph (10)
Scrolls
 d - a scroll of enchant weapon
 k - 2 scrolls of fog
 l - a scroll of poison
 o - 2 scrolls of amnesia {unknown}
 p - a scroll of silence {unknown}
 r - a scroll of teleportation
 w - a scroll of enchant armour {unknown}
Potions
 c - 2 potions of magic
 f - a potion of heal wounds
 h - a potion of might
 i - 3 potions of haste
 j - a potion of attraction
 m - 2 potions of cancellation {unknown}
 n - 2 potions of curing {unknown}
 t - 2 potions of lignification {unknown}
 u - a potion of mutation {unknown}


   Skills:
 + Level 2.3 Fighting
 * Level 3.2 Staves
 + Level 3.2 Dodging
 + Level 4.0 Stealth
 + Level 4.0 Spellcasting
 + Level 2.6 Conjurations
 - Level 1.0 Summonings
 + Level 1.7 Necromancy
 + Level 2.5 Translocations
 * Level 3.5 Evocations


You had 12 spell levels left.
You knew the following spells:

 Your Spells              Type           Power      Damage    Failure   Level
a - Magic Dart            Conj           48%        1d5       5%          1
b - Slow                  Hex            12%        N/A       16%         1

Your spell library contained the following spells:

 Spells                   Type           Power      Damage    Failure   Level
 Blink                    Tloc           24%        N/A       9%          2
 Foxfire                  Conj/Fire      28%        2x1d5     10%         1
 Sublimation of Blood     Necr           14%        N/A       12%         2
 Beastly Appendage        Tmut           6%         N/A       16%         1
 Call Imp                 Summ           6%         N/A       16%         2
 Wereblood                Tmut           3%         N/A       24%         2
 Conjure Flame            Conj/Fire      7%         6-21      28%         3
 Mephitic Cloud           Conj/Pois/Air  6%         N/A       32%         3
 Inner Flame              Hex/Fire       3%         N/A       43%         3
 Spider Form              Tmut/Pois      3%         N/A       43%         3
 Flame Wave               Conj/Fire      7%         2d5       67%         4
 Petrify                  Tmut/Erth      3%         N/A       83%         4
 Irradiate                Conj/Tmut      3%         3d12      95%         5


Dungeon Overview and Level Annotations

Branches:
Dungeon (4/15)            Ossuary (visited)
 Temple: D:4-7

Altars:
Fedhas


Innate Abilities, Weirdness & Mutations

You cannot wear most types of armour.
You are amphibious.
You can wear up to eight rings at the same time.
Your skin changes colour to match your surroundings (Stealth+).
Your rubbery body absorbs attacks. (AC +1, EV +1)
((You are camouflaged when in or above water. (Stealth+)))
You have tentacles for arms and can constrict up to eight enemies at once.


Message History

You hit the hound but do no damage. You squeeze the hound.
The hound is severely wounded.
You constrict the hound. The hound bites you. x2
You hit the hound.
The hound writhes in agony.
You kill the hound!
You hit the endoplasm but do no damage. You squeeze the endoplasm.
The endoplasm is lightly wounded.
The endoplasm freezes you.
You are frozen.
You hit the endoplasm.
The endoplasm is heavily wounded.
The endoplasm freezes you.
You are frozen.
You hit the endoplasm but do no damage.
You squeeze the endoplasm, but do no damage.
The endoplasm is moderately wounded.
The endoplasm freezes you.
You are frozen.
You hit the endoplasm. You squeeze the endoplasm.
You kill the endoplasm!
You completely miss the ice beast.
The ice beast hits you but does no damage.
You barely miss the ice beast.
Your tentacle-slap misses the ice beast.
The ice beast barely misses you.
You hit the ice beast.
The ice beast is lightly wounded.
The ice beast hits you. The ice beast freezes you!
The ice beast completely misses you.
You hit the ice beast.
The ice beast writhes in agony.
The ice beast is moderately wounded.
The ice beast misses you.
You hit the ice beast but do no damage.
The ice beast is moderately wounded.
The ice beast hits you. The ice beast freezes you!
There is an open door here.
The ice beast attacks as you move away! The ice beast hits you.
* * * LOW HITPOINT WARNING * * *
The ice beast freezes you!
You die...

.# #.##..##..# ##### .#
#.##.)##..# .#
#.##.)....# .######
#.##......# ......#
#.#####)#'# #####.#
###### #.#g.......
##### #.#
##....###.#...#$#..
#....
#.###......##Y#.:.$#h..
#####
#)##..#..#..@.#)..$#$..
#..'...##...#.#...#$#..
##.'...##...#.#........
###..#..#..#+###.....#
##......## ##....##
####### ###### #.....#
############## ###....
.............# ###.#


You could see an ice beast.

Vanquished Creatures
  2 elf zombies (Ossuary)
  A human zombie (Ossuary)
  A centaur zombie (Ossuary)
  2 hounds (D:4)
  Jessica (D:2)
  2 iguanas (D:4)
  Natasha (thrice) (D:2)
  2 hound zombies (Ossuary)
  3 mummies (Ossuary)
  4 gnolls (D:3)
  9 adders
  4 adder zombies (Ossuary)
  2 worms (D:2)
  3 dart slugs
  14 orcs
  11 endoplasms
  8 giant cockroaches
  4 gnoll zombies (Ossuary)
  8 goblins
  5 hobgoblins
  7 kobolds
  3 quokkas
  6 ball pythons
  6 bats
  4 frilled lizards
  A goblin zombie (Ossuary)
  5 hobgoblin zombies (Ossuary)
  2 jackal zombies (Ossuary)
  An orc zombie (Ossuary)
  6 quokka zombies (Ossuary)
  4 rats
  3 rat zombies (Ossuary)
137 creatures vanquished.

Notes
Turn   | Place    | Note
-------+----------+-------------------------------------------
     0 | D:1      | Tirrikindir the Octopode Hedge Wizard began the quest for
                  | the Orb.
     0 | D:1      | Reached XP level 1. HP: 11/11 MP: 4/4
   268 | D:1      | Reached XP level 2. HP: 18/18 MP: 4/6
   356 | D:1      | Learned a level 1 spell: Slow
   628 | D:1      | Reached XP level 3. HP: 22/22 MP: 7/7
  1315 | D:2      | Noticed Jessica
  1336 | D:2      | Killed Jessica
  1337 | D:2      | Reached skill level 1 in Fighting
  1337 | D:2      | Reached skill level 1 in Staves
  1337 | D:2      | Reached skill level 1 in Evocations
  1337 | D:2      | Reached XP level 4. HP: 23/28 MP: 6/9
  1451 | D:2      | Noticed Natasha
  1466 | D:2      | Killed Natasha
  1553 | D:2      | Noticed Natasha
  1565 | D:2      | Reached XP level 5. HP: 27/33 MP: 5/10
  1570 | D:2      | Killed Natasha
  1793 | D:2      | Noticed Natasha
  1808 | D:2      | Killed Natasha
  2204 | D:3      | Found a blossoming altar of Fedhas.
  2457 | D:3      | Reached XP level 6. HP: 32/38 MP: 11/11
  2550 | D:3      | Reached skill level 1 in Necromancy
  2789 | D:3      | Found the +18 Lear's hauberk
  3401 | D:4      | Found a sand-covered staircase.
  3419 | Ossuary  | Entered an ossuary
  3556 | Ossuary  | Reached XP level 7. HP: 37/45 MP: 12/12
  4383 | D:4      | Slain by an ice beast

Illustrated notes

Levels and vault maps discovered:
D:1:      dpeg_arrival_leaves_temple_mockup, layout_basic
D:2:      layout_basic, kennysheep_pointless_box, minmay_small_reverse_x,
          uniq_jessica, uniq_natasha
D:3:      layout_basic, mainiacjoe_overflow_24_doors
D:4:      minmay_polygon_palace, layout_loops_corners,
          nicolae_ossuary_entry_plus

Skill      XL: |  1  2  3  4  5  6  7 |
---------------+----------------------+-----
Stealth        | 3 4 |  4.0
Fighting       | 1 2 |  2.3
Staves         | 1 2 3 |  3.2
Evocations     | 1 2 3 |  3.5
Conjurations   | 2 |  2.6
Necromancy     | 1 |  1.7
Translocations | 2 |  2.5
Dodging        | 3 |  3.2
Spellcasting   | 4 |  4.0
Summonings     | |  1.0

Action                   |  1- 3 |  4- 6 |  7- 9 || total
-------------------------+-------+-------+-------++-------
Melee: Dagger            |    32 |       |       ||    32
       Constrict         |    17 |    54 |    26 ||    97
       Tentacles         |    13 |    69 |    39 ||   121
       Staff             |    51 |   211 |   108 ||   370
       Punch             |       |     2 |     2 ||     4
 Cast: Magic Dart        |    16 |    25 |     1 ||    42
       Slow              |     2 |     6 |       ||     8
  Use: Scroll            |     2 |     5 |     2 ||     9
       Potion            |       |       |     1 ||     1
 Stab: Sleeping          |    13 |     7 |     4 ||    24
Armor: Skin              |     3 |    49 |    14 ||    66
Dodge: Dodged            |    29 |   148 |    66 ||   243
